Avalanche vs Predators

Created - March 27, 2017 at 18:04

Goals
1 2 3 T
Avalanche 3 2 2 7
Predators 2 0 0 2
Shots
1 2 3 T
Avalanche 15 15 13 43
Predators 15 11 7 33

1st period

1. Predators , Steven Stamkos 32 (Jaden Schwartz, Vincent Trocheck) at 8:56
2. Avalanche , Derek Stepan 32 (Tomas Hertl, Jeff Skinner) at 11:24
3. Avalanche , Alexandre Burrows 15 (Dylan Larkin, Tom Gilbert) at 14:03
4. Predators , Jaden Schwartz 11 (Steven Stamkos, Vincent Trocheck) at 15:12
5. Avalanche , Joakim Nordstrom 11 (Kevin Shattenkirk, Jaccob Slavin) at 16:33

Penalties :
No Penalty

2nd period

6. Avalanche , Jeff Skinner 32 (Martin Hanzal) at 11:06
7. Avalanche , Alexander Steen 25 (Mats Zuccarello, Jaccob Slavin) at 13:17

Penalties :
Zach Bogosian (NSH) for Tripping (Minor) at 4:10, Vincent Trocheck (NSH) for Unsportsmanlike conduct (Minor) at 10:40, Derek Stepan (COL) for High sticking (Minor) at 10:40, Zach Bogosian (NSH) for Holding (Minor) at 16:22

3rd period

8. Avalanche , Tomas Hertl 23 (Derek Stepan, Jeff Skinner) at 2:03
9. Avalanche , Matt Cullen 24 (Kevin Shattenkirk, Alexander Steen) at 17:15

Penalties :
John Moore (NSH) for Interference (Minor) at 15:13

Goalie Stats

Jake Allen (COL), 31 saves from 33 shots - (0.939), W, 30-11-5, 60:00 minutes
Magnus Hellberg (NSH), 36 saves from 43 shots - (0.837), L, 0-1-0, 60:00 minutes

Players Stats for Avalanche

Player Name              G  A  P  +/- PIM S  H  SB GA TA FO     MP     PP MP  PK MP  
------------------------------------------------------------------------------------
Alexander Steen          1  1  2   1  0   6  0  0  0  0  9/19   18:24   2:47   0:00 
Alexandre Burrows        1  0  1   2  0   2  1  0  0  0  1/1    20:00   0:00   0:00 
Derek Stepan             1  1  2   1  2   8  1  2  0  0  20/29  19:36   3:10   0:00 
Dylan Larkin             0  1  1   0  0   2  0  1  0  0  0/0    13:42   0:00   0:00 
Jaccob Slavin            0  2  2   3  0   1  0  1  0  0  0/0    25:06   3:00   0:00 
Jeff Skinner             1  2  3   2  0   2  1  0  0  0  0/1    20:47   3:10   0:00 
Joakim Nordstrom         1  0  1   2  0   2  1  0  0  0  1/1     6:18   0:00   0:00 
Kevin Bieksa             0  0  0  -1  0   1  3  1  0  0  0/0    17:40   0:00   0:00 
Kevin Shattenkirk        0  2  2   3  0   3  1  2  0  0  0/0    23:06   3:00   0:00 
Martin Hanzal            0  1  1   1  0   2  1  0  0  0  9/22   17:39   2:47   0:00 
Mats Zuccarello          0  1  1   1  0   3  1  0  0  0  1/1    19:13   2:47   0:00 
Matt Cullen              1  0  1   2  0   2  0  0  0  0  4/7     6:18   0:00   0:00 
Max Domi                 0  0  0   1  0   1  0  0  0  0  0/1    15:37   0:00   0:00 
Sami Vatanen             0  0  0  -1  0   1  0  2  0  0  0/0    20:37   2:57   0:00 
Tom Gilbert              0  1  1   2  0   0  0  0  0  0  0/0    13:07   0:00   0:00 
Tomas Hertl              1  1  2   1  0   5  1  0  0  0  3/4    20:26   3:10   0:00 
Tyson Barrie             0  0  0   1  0   0  0  0  0  0  0/0     6:07   2:57   0:00 
Willie Mitchell          0  0  0   3  0   2  2  2  0  0  0/0    14:17   0:00   0:00 

Players Stats for Predators

Player Name              G  A  P  +/- PIM S  H  SB GA TA FO     MP     PP MP  PK MP  
------------------------------------------------------------------------------------
Beau Bennett             0  0  0   0  0   0  0  0  0  0  0/1     6:13   0:00   0:51 
Connor Murphy            0  0  0  -2  0   2  0  3  0  0  0/0    24:28   0:00   3:03 
J.T. Miller              0  0  0  -2  0   5  1  0  0  0  3/13   13:57   0:00   0:36 
Jaden Schwartz           1  1  2  -2  0   4  1  0  0  0  0/4    19:53   0:00   3:30 
John Moore               0  0  0  -2  2   0  1  4  0  0  0/0    14:20   0:00   1:46 
Jordie Benn              0  0  0   0  0   0  0  1  0  0  0/0    20:04   0:00   1:35 
Kevin Hayes              0  0  0  -1  0   2  1  0  0  0  0/1    18:57   0:00   0:00 
Klas Dahlbeck            0  0  0   0  0   0  0  2  0  0  0/0    16:37   0:00   3:53 
Max Pacioretty           0  0  0  -1  0   2  0  0  0  0  0/1    19:41   0:00   0:00 
Nicklas Backstrom        0  0  0  -1  0   2  3  1  0  0  17/29  18:57   0:00   0:00 
Oscar Klefbom            0  0  0  -3  0   1  1  2  0  0  0/0    20:10   0:00   0:16 
Patrik Elias             0  0  0   0  0   2  0  0  0  0  4/5     4:54   0:00   0:16 
Phillip Di Giuseppe      0  0  0   0  0   1  1  0  0  0  0/0     4:38   0:00   0:00 
Steven Stamkos           1  1  2  -2  0   3  0  0  0  0  2/4    17:59   0:00   1:36 
T.J. Oshie               0  0  0  -2  0   4  0  2  0  0  3/7    17:06   0:00   3:45 
Vincent Trocheck         0  2  2  -1  2   2  1  1  0  0  9/21   16:43   0:00   1:36 
Vladislav Namestnikov    0  0  0  -2  0   3  0  0  0  0  0/0    13:21   0:00   0:00 
Zach Bogosian            0  0  0  -3  4   0  2  3  0  0  0/0    24:02   0:00   1:05 

3 Stars

1 - Jeff Skinner (COL)
2 - Kevin Shattenkirk (COL)
3 - Tomas Hertl (COL)

Power Play

Avalanche - 0 on 3 Attempt(s) - 0.00%
Predators - 0 on 0 Attempt(s) - 0.00%

Penalty Kill

Avalanche - 0 on 0 Attempt(s) - 0.00% - Score 0 goal in Penalty Kill
Predators - 3 on 3 Attempt(s) - 100.00% - Score 0 goal in Penalty Kill

Team Stat

Avalanche - Hits : 13 - Faceoff Wins : 48 - Blocked Shots : 11 - Penalty Minutes : 2
Predators - Hits : 12 - Faceoff Wins : 38 - Blocked Shots : 19 - Penalty Minutes : 8

Official

Referees : Brad Meier and Mike Leggo
Linesman : Brian Mach and Scott Driscoll

Game Notes

No Game Note

Finance

Level 1 -- Attendance: 5856 (90.09%) -- Ticket Income $585,600
Level 2 -- Attendance: 4412 (88.24%) -- Ticket Income $339,724
Level 3 -- Attendance: 3339 (95.40%) -- Ticket Income $193,662
Level 4 -- Attendance: 1113 (100.00%) -- Ticket Income $46,746
Luxury Box -- Attendance: 941 (94.10%) -- Ticket Income $174,085
Game was played at the Bridgestone Arena.
Total Attendance: 15661 (91.52%)
Total Ticket Income: $1,339,817
Other Income: $200,973
Total Income: $1,540,790

% Time on Ice - Avalanche

Lines # - Real PCT - Wanted PCT - Time Play
Normal Forward
1 - 32% - 32% - 16:27
2 - 30% - 30% - 15:37
3 - 26% - 28% - 13:42
4 - 12% - 10% - 6:18
Normal Defense
1 - 36% - 40% - 18:56
2 - 34% - 30% - 17:40
3 - 25% - 20% - 13:07
4 - 5% - 10% - 2:21
PP Forward
1 - 53% - 55% - 3:10
2 - 47% - 45% - 2:47
PP Defense
1 - 50% - 50% - 2:57
2 - 50% - 50% - 3:00
PK Forward
1 - 0% - 50%
2 - 0% - 50%
PK Defense
1 - 0% - 55%
2 - 0% - 45%
PK3 Forward
1 - 0% - 50%
2 - 0% - 50%
PK3 Defense
1 - 0% - 60%
2 - 0% - 40%
44 Forward
1 - 59% - 50% - 1:10
2 - 41% - 50% - 0:49
44 Defense
1 - 41% - 50% - 0:49
2 - 59% - 50% - 1:10
Last Minute Offensive  - 0:00
Last Minute Defensive  - 0:00
Total
Forward - 60:00
Defense - 60:00

% Time on Ice - Predators

Lines # - Real PCT - Wanted PCT - Time Play
Normal Forward
1 - 36% - 35% - 18:57
2 - 29% - 29% - 15:08
3 - 26% - 26% - 13:21
4 - 9% - 10% - 4:38
Normal Defense
1 - 35% - 40% - 18:29
2 - 38% - 35% - 19:54
3 - 21% - 15% - 11:11
4 - 5% - 10% - 2:30
PP Forward
1 - 0% - 60%
2 - 0% - 40%
PP Defense
1 - 0% - 60%
2 - 0% - 40%
PK Forward
1 - 73% - 60% - 4:21
2 - 27% - 40% - 1:36
PK Defense
1 - 83% - 60% - 4:56
2 - 17% - 40% - 1:01
PK3 Forward
1 - 0% - 60%
2 - 0% - 40%
PK3 Defense
1 - 0% - 60%
2 - 0% - 40%
44 Forward
1 - 63% - 60% - 1:15
2 - 37% - 40% - 0:44
44 Defense
1 - 71% - 60% - 1:24
2 - 29% - 40% - 0:35
Last Minute Offensive  - 0:00
Last Minute Defensive  - 0:00
Total
Forward - 60:00
Defense - 60:00

Play by Play

1st period


0:01 of 1st period - Derek Stepan wins face-off versus Kevin Hayes in neutral zone.
0:01 of 1st period - Derek Stepan is hit by Kevin Hayes.
2:03 of 1st period - Shot by J.T. Miller.
2:03 of 1st period - Stopped by Jake Allen without a rebound.
2:04 of 1st period - Patrik Elias wins face-off versus Martin Hanzal in Avalanche zone.
2:05 of 1st period - Shot by Phillip Di Giuseppe.
2:05 of 1st period - Shot Hit the Post.
2:07 of 1st period - Shot by Connor Murphy.
2:07 of 1st period - Stopped by Jake Allen with a rebound.
2:19 of 1st period - Shot by Patrik Elias.
2:19 of 1st period - Stopped by Jake Allen without a rebound.
2:20 of 1st period - Matt Cullen wins face-off versus J.T. Miller in Avalanche zone.
3:22 of 1st period - Off-side.
3:23 of 1st period - Alexander Steen wins face-off versus Nicklas Backstrom in neutral zone.
3:42 of 1st period - Shot by Alexander Steen.
3:42 of 1st period - Stopped by Magnus Hellberg with a rebound.
3:56 of 1st period - Shot by Alexander Steen.
3:56 of 1st period - Stopped by Magnus Hellberg without a rebound.
3:57 of 1st period - Derek Stepan wins face-off versus Vincent Trocheck in Predators zone.
4:09 of 1st period - Icing by Willie Mitchell.
4:10 of 1st period - Patrik Elias wins face-off versus Derek Stepan in Avalanche zone.
4:19 of 1st period - Shot by Patrik Elias.
4:19 of 1st period - Shot Blocked by Willie Mitchell.
4:29 of 1st period - Shot by Derek Stepan.
4:29 of 1st period - Shot Blocked by Oscar Klefbom.
4:31 of 1st period - Shot by Willie Mitchell.
4:31 of 1st period - Shot Misses the Net.
6:17 of 1st period - Icing by Jordie Benn.
6:18 of 1st period - Nicklas Backstrom wins face-off versus Matt Cullen in Predators zone.
6:20 of 1st period - Icing by Max Pacioretty.
6:21 of 1st period - Alexander Steen wins face-off versus Nicklas Backstrom in Predators zone.
6:36 of 1st period - Max Pacioretty is hit by Kevin Bieksa and loses puck.
6:43 of 1st period - Shot by Max Pacioretty.
6:43 of 1st period - Shot Misses the Net.
6:45 of 1st period - Shot by Max Pacioretty.
6:45 of 1st period - Shot Blocked by Sami Vatanen.
6:47 of 1st period - Shot by Nicklas Backstrom.
6:47 of 1st period - Stopped by Jake Allen without a rebound.
6:48 of 1st period - Derek Stepan wins face-off versus Vincent Trocheck in Avalanche zone.
7:10 of 1st period - Icing by Klas Dahlbeck.
7:11 of 1st period - Martin Hanzal wins face-off versus Vincent Trocheck in Predators zone.
7:14 of 1st period - Shot by Alexandre Burrows.
7:14 of 1st period - Shot Misses the Net.
7:16 of 1st period - Shot by Tom Gilbert.
7:16 of 1st period - Shot Blocked by Vincent Trocheck.
7:18 of 1st period - Shot by Willie Mitchell.
7:18 of 1st period - Shot Misses the Net.
7:20 of 1st period - Shot by Alexandre Burrows.
7:20 of 1st period - Stopped by Magnus Hellberg with a rebound.
7:22 of 1st period - Shot by Willie Mitchell.
7:22 of 1st period - Stopped by Magnus Hellberg without a rebound.
7:23 of 1st period - T.J. Oshie wins face-off versus Alexander Steen in Predators zone.
7:58 of 1st period - Shot by J.T. Miller.
7:58 of 1st period - Stopped by Jake Allen without a rebound.
7:59 of 1st period - Nicklas Backstrom wins face-off versus Martin Hanzal in Avalanche zone.
8:16 of 1st period - Shot by Nicklas Backstrom.
8:16 of 1st period - Shot Misses the Net.
8:56 of 1st period - Shot by Steven Stamkos.
8:56 of 1st period - Goal by Steven Stamkos - Avalanche : 0 - Predators : 1.
8:57 of 1st period - J.T. Miller wins face-off versus Derek Stepan in neutral zone.
9:36 of 1st period - Shot by T.J. Oshie.
9:36 of 1st period - Shot Misses the Net.
9:38 of 1st period - Shot by J.T. Miller.
9:38 of 1st period - Stopped by Jake Allen without a rebound.
9:39 of 1st period - Alexander Steen wins face-off versus Vincent Trocheck in Avalanche zone.
9:55 of 1st period - Shot by Max Domi.
9:55 of 1st period - Shot Blocked by Klas Dahlbeck.
9:57 of 1st period - Shot by Alexander Steen.
9:57 of 1st period - Shot Blocked by John Moore.
9:59 of 1st period - Shot by Tom Gilbert.
9:59 of 1st period - Shot Misses the Net.
10:01 of 1st period - Shot by Willie Mitchell.
10:01 of 1st period - Stopped by Magnus Hellberg without a rebound.
10:02 of 1st period - Nicklas Backstrom wins face-off versus Martin Hanzal in Predators zone.
10:15 of 1st period - Alexandre Burrows is hit by Nicklas Backstrom and loses puck.
11:01 of 1st period - Derek Stepan is hit by Nicklas Backstrom and loses puck.
11:20 of 1st period - Shot by Jeff Skinner.
11:20 of 1st period - Stopped by Magnus Hellberg with a rebound.
11:22 of 1st period - Shot by Tomas Hertl.
11:22 of 1st period - Shot Blocked by Zach Bogosian.
11:24 of 1st period - Shot by Derek Stepan.
11:24 of 1st period - Goal by Derek Stepan - Avalanche : 1 - Predators : 1.
11:25 of 1st period - J.T. Miller wins face-off versus Alexander Steen in neutral zone.
11:25 of 1st period - T.J. Oshie is hit by Mats Zuccarello and loses puck.
11:34 of 1st period - Shot by J.T. Miller.
11:34 of 1st period - Stopped by Jake Allen with a rebound.
11:38 of 1st period - Shot by T.J. Oshie.
11:38 of 1st period - Stopped by Jake Allen with a rebound.
11:48 of 1st period - Shot by Vladislav Namestnikov.
11:48 of 1st period - Stopped by Jake Allen without a rebound.
11:49 of 1st period - Vincent Trocheck wins face-off versus Matt Cullen in Avalanche zone.
11:57 of 1st period - Shot by Steven Stamkos.
11:57 of 1st period - Stopped by Jake Allen with a rebound.
12:21 of 1st period - Shot by Vincent Trocheck.
12:21 of 1st period - Stopped by Jake Allen without a rebound.
12:22 of 1st period - Derek Stepan wins face-off versus J.T. Miller in Avalanche zone.
12:28 of 1st period - Shot by Kevin Shattenkirk.
12:28 of 1st period - Stopped by Magnus Hellberg with a rebound.
12:30 of 1st period - Shot by Derek Stepan.
12:30 of 1st period - Shot Misses the Net.
12:32 of 1st period - Shot by Kevin Shattenkirk.
12:32 of 1st period - Stopped by Magnus Hellberg without a rebound.
12:33 of 1st period - Alexander Steen wins face-off versus Nicklas Backstrom in Predators zone.
13:09 of 1st period - Icing by Jaccob Slavin.
13:10 of 1st period - Mats Zuccarello wins face-off versus Vincent Trocheck in Avalanche zone.
14:03 of 1st period - Shot by Alexandre Burrows.
14:03 of 1st period - Goal by Alexandre Burrows - Avalanche : 2 - Predators : 1.
14:04 of 1st period - Derek Stepan wins face-off versus J.T. Miller in neutral zone.
14:31 of 1st period - Shot by Vladislav Namestnikov.
14:31 of 1st period - Stopped by Jake Allen without a rebound.
14:32 of 1st period - Nicklas Backstrom wins face-off versus Martin Hanzal in Avalanche zone.
14:33 of 1st period - Shot by Max Pacioretty.
14:33 of 1st period - Stopped by Jake Allen without a rebound.
14:34 of 1st period - Alexandre Burrows wins face-off versus Nicklas Backstrom in Avalanche zone.
14:45 of 1st period - Shot by Jaccob Slavin.
14:45 of 1st period - Shot Misses the Net.
15:08 of 1st period - Off-side.
15:09 of 1st period - Vincent Trocheck wins face-off versus Tomas Hertl in neutral zone.
15:12 of 1st period - Shot by Jaden Schwartz.
15:12 of 1st period - Goal by Jaden Schwartz - Avalanche : 2 - Predators : 2.
15:13 of 1st period - Derek Stepan wins face-off versus J.T. Miller in neutral zone.
15:30 of 1st period - Shot by Tomas Hertl.
15:30 of 1st period - Shot Misses the Net.
15:32 of 1st period - Shot by Willie Mitchell.
15:32 of 1st period - Shot Misses the Net.
16:25 of 1st period - Shot by Matt Cullen.
16:25 of 1st period - Stopped by Magnus Hellberg with a rebound.
16:33 of 1st period - Shot by Joakim Nordstrom.
16:33 of 1st period - Goal by Joakim Nordstrom - Avalanche : 3 - Predators : 2.
16:34 of 1st period - Vincent Trocheck wins face-off versus Alexander Steen in neutral zone.
17:10 of 1st period - Shot by Vincent Trocheck.
17:10 of 1st period - Shot Misses the Net.
17:39 of 1st period - Icing by Max Pacioretty.
17:40 of 1st period - Nicklas Backstrom wins face-off versus Martin Hanzal in Predators zone.
17:55 of 1st period - Shot by Dylan Larkin.
17:55 of 1st period - Shot Blocked by John Moore.
17:57 of 1st period - Shot by Martin Hanzal.
17:57 of 1st period - Deflect By Dylan Larkin.
17:57 of 1st period - Shot Blocked by Nicklas Backstrom.
17:59 of 1st period - Shot by Jaccob Slavin.
17:59 of 1st period - Stopped by Magnus Hellberg without a rebound.
18:00 of 1st period - Patrik Elias wins face-off versus Jeff Skinner in Predators zone.
18:00 of 1st period - Patrik Elias is hit by Jeff Skinner.
18:08 of 1st period - Shot by Beau Bennett.
18:08 of 1st period - Shot Blocked by Derek Stepan.
18:31 of 1st period - Shot by Jeff Skinner.
18:31 of 1st period - Deflect By Derek Stepan.
18:31 of 1st period - Shot Blocked by Zach Bogosian.
18:39 of 1st period - Shot by Derek Stepan.
18:39 of 1st period - Stopped by Magnus Hellberg without a rebound.
18:40 of 1st period - Nicklas Backstrom wins face-off versus Martin Hanzal in Predators zone.
18:57 of 1st period - Shot by Alexandre Burrows.
18:57 of 1st period - Shot Misses the Net.
18:59 of 1st period - Shot by Martin Hanzal.
18:59 of 1st period - Stopped by Magnus Hellberg with a rebound.
19:44 of 1st period - Alexander Steen is hit by John Moore and loses puck.
Goals for this period are 3 for Avalanche vs 2 for Predators.
Shots for this period are 15 for Avalanche vs 15 for Predators.

2nd period


0:01 of 2nd period - Vincent Trocheck wins face-off versus Derek Stepan in neutral zone.
0:09 of 2nd period - Jaden Schwartz is hit by Kevin Shattenkirk and loses puck.
0:18 of 2nd period - Shot by Derek Stepan.
0:18 of 2nd period - Stopped by Magnus Hellberg with a rebound.
0:34 of 2nd period - Shot by Tomas Hertl.
0:34 of 2nd period - Shot Misses the Net.
0:36 of 2nd period - Shot by Derek Stepan.
0:36 of 2nd period - Shot Misses the Net.
0:38 of 2nd period - Shot by Tomas Hertl.
0:38 of 2nd period - Shot Misses the Net.
0:40 of 2nd period - Shot by Tomas Hertl.
0:40 of 2nd period - Stopped by Magnus Hellberg without a rebound.
0:41 of 2nd period - J.T. Miller wins face-off versus Martin Hanzal in Predators zone.
0:41 of 2nd period - J.T. Miller is hit by Alexandre Burrows.
2:27 of 2nd period - Icing by Connor Murphy.
2:28 of 2nd period - Vincent Trocheck wins face-off versus Derek Stepan in Predators zone.
2:28 of 2nd period - Vincent Trocheck is hit by Tomas Hertl.
2:46 of 2nd period - Shot by Steven Stamkos.
2:46 of 2nd period - Stopped by Jake Allen without a rebound.
2:47 of 2nd period - Joakim Nordstrom wins face-off versus Nicklas Backstrom in Avalanche zone.
3:07 of 2nd period - Shot by Nicklas Backstrom.
3:07 of 2nd period - Stopped by Jake Allen without a rebound.
3:08 of 2nd period - Vincent Trocheck wins face-off versus Derek Stepan in Avalanche zone.
3:09 of 2nd period - Shot by Jaden Schwartz.
3:09 of 2nd period - Stopped by Jake Allen without a rebound.
3:10 of 2nd period - Derek Stepan wins face-off versus Vincent Trocheck in Avalanche zone.
3:37 of 2nd period - Shot by Vincent Trocheck.
3:37 of 2nd period - Shot Blocked by Kevin Shattenkirk.
3:39 of 2nd period - Shot by Vincent Trocheck.
3:39 of 2nd period - Stopped by Jake Allen without a rebound.
3:40 of 2nd period - Nicklas Backstrom wins face-off versus Martin Hanzal in Avalanche zone.
4:01 of 2nd period - Icing by Kevin Hayes.
4:02 of 2nd period - Nicklas Backstrom wins face-off versus Alexander Steen in Predators zone.
4:10 of 2nd period - Minor Penalty to Zach Bogosian for Tripping.
4:11 of 2nd period - Derek Stepan wins face-off versus T.J. Oshie in Predators zone.
4:17 of 2nd period - Off-side.
4:18 of 2nd period - T.J. Oshie wins face-off versus Derek Stepan in neutral zone.
4:31 of 2nd period - Shot by Tomas Hertl.
4:31 of 2nd period - Stopped by Magnus Hellberg without a rebound.
4:32 of 2nd period - Martin Hanzal wins face-off versus T.J. Oshie in Predators zone.
5:01 of 2nd period - Shot by Tyson Barrie.
5:01 of 2nd period - Shot Blocked by Connor Murphy.
5:27 of 2nd period - Shot by Derek Stepan.
5:27 of 2nd period - Stopped by Magnus Hellberg without a rebound.
5:28 of 2nd period - Derek Stepan wins face-off versus Steven Stamkos in Predators zone.
6:07 of 2nd period - Derek Stepan is hit by Vincent Trocheck and loses puck.
6:24 of 2nd period - Shot by Kevin Hayes.
6:24 of 2nd period - Shot Misses the Net.
6:26 of 2nd period - Shot by Oscar Klefbom.
6:26 of 2nd period - Stopped by Jake Allen with a rebound.
6:28 of 2nd period - Shot by Kevin Hayes.
6:28 of 2nd period - Stopped by Jake Allen without a rebound.
6:29 of 2nd period - Patrik Elias wins face-off versus Alexander Steen in Avalanche zone.
6:29 of 2nd period - Patrik Elias is hit by Kevin Bieksa.
6:31 of 2nd period - Shot by Phillip Di Giuseppe.
6:31 of 2nd period - Stopped by Jake Allen without a rebound.
6:32 of 2nd period - Martin Hanzal wins face-off versus Nicklas Backstrom in Avalanche zone.
6:53 of 2nd period - Oscar Klefbom is hit by Martin Hanzal and loses puck.
7:06 of 2nd period - Shot by Nicklas Backstrom.
7:06 of 2nd period - Deflect By Max Pacioretty.
7:06 of 2nd period - Shot Misses the Net.
7:52 of 2nd period - Derek Stepan is hit by Jaden Schwartz and loses puck.
8:01 of 2nd period - Shot by Jaden Schwartz.
8:01 of 2nd period - Shot Misses the Net.
8:27 of 2nd period - Shot by T.J. Oshie.
8:27 of 2nd period - Stopped by Jake Allen without a rebound.
8:28 of 2nd period - Alexander Steen wins face-off versus Beau Bennett in Avalanche zone.
8:28 of 2nd period - Alexander Steen is hit by Phillip Di Giuseppe.
8:48 of 2nd period - Shot by Alexander Steen.
8:48 of 2nd period - Shot Misses the Net.
8:50 of 2nd period - Shot by Max Domi.
8:50 of 2nd period - Stopped by Magnus Hellberg with a rebound.
8:52 of 2nd period - Shot by Mats Zuccarello.
8:52 of 2nd period - Stopped by Magnus Hellberg without a rebound.
8:53 of 2nd period - Matt Cullen wins face-off versus Nicklas Backstrom in Predators zone.
9:07 of 2nd period - Icing by Zach Bogosian.
9:08 of 2nd period - Nicklas Backstrom wins face-off versus Alexander Steen in Predators zone.
9:50 of 2nd period - Shot by Alexander Steen.
9:50 of 2nd period - Deflect By Mats Zuccarello.
9:50 of 2nd period - Shot Blocked by Oscar Klefbom.
9:52 of 2nd period - Shot by Kevin Bieksa.
9:52 of 2nd period - Stopped by Magnus Hellberg with a rebound.
9:59 of 2nd period - Icing by Zach Bogosian.
10:00 of 2nd period - Derek Stepan wins face-off versus Nicklas Backstrom in Predators zone.
10:40 of 2nd period - Minor Penalty to Vincent Trocheck for Unsportsmanlike conduct.
10:40 of 2nd period - Minor Penalty to Derek Stepan for High sticking.
10:41 of 2nd period - Martin Hanzal wins face-off versus Jaden Schwartz in neutral zone.
10:50 of 2nd period - Shot by Jeff Skinner.
10:50 of 2nd period - Shot Misses the Net.
11:06 of 2nd period - Shot by Jeff Skinner.
11:06 of 2nd period - Goal by Jeff Skinner - Avalanche : 4 - Predators : 2.
11:07 of 2nd period - Tomas Hertl wins face-off versus Jaden Schwartz in neutral zone.
11:18 of 2nd period - Shot by Steven Stamkos.
11:18 of 2nd period - Shot Blocked by Jaccob Slavin.
11:20 of 2nd period - Shot by Connor Murphy.
11:20 of 2nd period - Stopped by Jake Allen without a rebound.
11:21 of 2nd period - Tomas Hertl wins face-off versus Jaden Schwartz in Avalanche zone.
11:23 of 2nd period - Icing by Mats Zuccarello.
11:24 of 2nd period - Tomas Hertl wins face-off versus Jaden Schwartz in Avalanche zone.
11:43 of 2nd period - Shot by Tyson Barrie.
11:43 of 2nd period - Shot Misses the Net.
11:45 of 2nd period - Shot by Tomas Hertl.
11:45 of 2nd period - Shot Misses the Net.
11:55 of 2nd period - Shot by Mats Zuccarello.
11:55 of 2nd period - Stopped by Magnus Hellberg without a rebound.
11:56 of 2nd period - Martin Hanzal wins face-off versus Max Pacioretty in Predators zone.
11:59 of 2nd period - Shot by Jeff Skinner.
11:59 of 2nd period - Shot Blocked by John Moore.
12:55 of 2nd period - Shot by Vladislav Namestnikov.
12:55 of 2nd period - Stopped by Jake Allen without a rebound.
12:56 of 2nd period - Alexander Steen wins face-off versus Vincent Trocheck in Avalanche zone.
13:17 of 2nd period - Shot by Alexander Steen.
13:17 of 2nd period - Goal by Alexander Steen - Avalanche : 5 - Predators : 2.
13:18 of 2nd period - T.J. Oshie wins face-off versus Matt Cullen in neutral zone.
13:28 of 2nd period - T.J. Oshie is hit by Joakim Nordstrom and loses puck.
13:57 of 2nd period - Shot by T.J. Oshie.
13:57 of 2nd period - Shot Blocked by Sami Vatanen.
14:16 of 2nd period - Icing by Connor Murphy.
14:17 of 2nd period - Derek Stepan wins face-off versus J.T. Miller in Predators zone.
14:24 of 2nd period - Shot by Jeff Skinner.
14:24 of 2nd period - Deflect By Tomas Hertl.
14:24 of 2nd period - Shot Blocked by T.J. Oshie.
15:23 of 2nd period - Shot by Alexander Steen.
15:23 of 2nd period - Deflect By Mats Zuccarello.
15:23 of 2nd period - Stopped by Magnus Hellberg without a rebound.
15:24 of 2nd period - Nicklas Backstrom wins face-off versus Martin Hanzal in Predators zone.
15:31 of 2nd period - Shot by Kevin Hayes.
15:31 of 2nd period - Shot Hit the Post.
15:37 of 2nd period - Shot by Dylan Larkin.
15:37 of 2nd period - Stopped by Magnus Hellberg with a rebound.
15:53 of 2nd period - Shot by Dylan Larkin.
15:53 of 2nd period - Shot Blocked by Klas Dahlbeck.
15:55 of 2nd period - Shot by Alexandre Burrows.
15:55 of 2nd period - Shot Blocked by John Moore.
15:57 of 2nd period - Shot by Sami Vatanen.
15:57 of 2nd period - Stopped by Magnus Hellberg without a rebound.
15:58 of 2nd period - Alexander Steen wins face-off versus Vincent Trocheck in Predators zone.
15:58 of 2nd period - Max Domi is hit by Zach Bogosian and loses puck.
16:19 of 2nd period - Shot by Max Domi.
16:19 of 2nd period - Shot Blocked by Zach Bogosian.
16:22 of 2nd period - Minor Penalty to Zach Bogosian for Holding.
16:23 of 2nd period - Derek Stepan wins face-off versus T.J. Oshie in Predators zone.
16:26 of 2nd period - Shot by Kevin Shattenkirk.
16:26 of 2nd period - Shot Misses the Net.
16:44 of 2nd period - Shot by Tomas Hertl.
16:44 of 2nd period - Shot Blocked by T.J. Oshie.
16:46 of 2nd period - Shot by Derek Stepan.
16:46 of 2nd period - Stopped by Magnus Hellberg with a rebound.
17:00 of 2nd period - Shot by Jeff Skinner.
17:00 of 2nd period - Shot Misses the Net.
17:07 of 2nd period - Shot by Derek Stepan.
17:07 of 2nd period - Shot Misses the Net.
17:20 of 2nd period - Icing by Tyson Barrie.
17:21 of 2nd period - Martin Hanzal wins face-off versus Steven Stamkos in Avalanche zone.
18:23 of 2nd period - Derek Stepan is hit by Zach Bogosian and loses puck.
18:30 of 2nd period - Shot by Joakim Nordstrom.
18:30 of 2nd period - Stopped by Magnus Hellberg without a rebound.
18:31 of 2nd period - Matt Cullen wins face-off versus Nicklas Backstrom in Predators zone.
18:39 of 2nd period - Max Pacioretty is hit by Willie Mitchell.
19:27 of 2nd period - Shot by Jaden Schwartz.
19:27 of 2nd period - Stopped by Jake Allen without a rebound.
19:28 of 2nd period - Vincent Trocheck wins face-off versus Derek Stepan in Avalanche zone.
19:43 of 2nd period - Shot by Steven Stamkos.
19:43 of 2nd period - Deflect By Jaden Schwartz.
19:43 of 2nd period - Shot Misses the Net.
Goals for this period are 2 for Avalanche vs 0 for Predators.
Shots for this period are 15 for Avalanche vs 11 for Predators.

3rd period


0:01 of 3rd period - Steven Stamkos wins face-off versus Martin Hanzal in neutral zone.
0:19 of 3rd period - Shot by Jaden Schwartz.
0:19 of 3rd period - Shot Misses the Net.
0:36 of 3rd period - Icing by Kevin Shattenkirk.
0:37 of 3rd period - Martin Hanzal wins face-off versus J.T. Miller in Avalanche zone.
0:50 of 3rd period - Alexandre Burrows is hit by Oscar Klefbom and loses puck.
1:29 of 3rd period - Icing by Zach Bogosian.
1:30 of 3rd period - Derek Stepan wins face-off versus J.T. Miller in Predators zone.
1:43 of 3rd period - Shot by Tomas Hertl.
1:43 of 3rd period - Shot Misses the Net.
2:01 of 3rd period - Shot by Derek Stepan.
2:01 of 3rd period - Shot Misses the Net.
2:03 of 3rd period - Shot by Tomas Hertl.
2:03 of 3rd period - Goal by Tomas Hertl - Avalanche : 6 - Predators : 2.
2:04 of 3rd period - Nicklas Backstrom wins face-off versus Alexander Steen in neutral zone.
2:37 of 3rd period - Shot by Mats Zuccarello.
2:37 of 3rd period - Shot Misses the Net.
2:39 of 3rd period - Shot by Kevin Shattenkirk.
2:39 of 3rd period - Shot Misses the Net.
2:43 of 3rd period - Shot by Max Domi.
2:43 of 3rd period - Shot Blocked by Connor Murphy.
2:45 of 3rd period - Shot by Jaccob Slavin.
2:45 of 3rd period - Shot Misses the Net.
2:47 of 3rd period - Shot by Jaccob Slavin.
2:47 of 3rd period - Shot Misses the Net.
3:17 of 3rd period - Shot by Vincent Trocheck.
3:17 of 3rd period - Shot Blocked by Kevin Bieksa.
3:19 of 3rd period - Shot by John Moore.
3:19 of 3rd period - Shot Blocked by Dylan Larkin.
4:10 of 3rd period - Shot by Tomas Hertl.
4:10 of 3rd period - Stopped by Magnus Hellberg with a rebound.
4:13 of 3rd period - Icing by Klas Dahlbeck.
4:14 of 3rd period - Alexander Steen wins face-off versus Vincent Trocheck in Predators zone.
4:36 of 3rd period - Shot by T.J. Oshie.
4:36 of 3rd period - Stopped by Jake Allen without a rebound.
4:37 of 3rd period - Derek Stepan wins face-off versus Nicklas Backstrom in Avalanche zone.
4:37 of 3rd period - Derek Stepan is hit by Nicklas Backstrom.
5:52 of 3rd period - Shot by Kevin Shattenkirk.
5:52 of 3rd period - Stopped by Magnus Hellberg with a rebound.
7:07 of 3rd period - Shot by Alexander Steen.
7:07 of 3rd period - Stopped by Magnus Hellberg with a rebound.
7:10 of 3rd period - Icing by Zach Bogosian.
7:11 of 3rd period - Vincent Trocheck wins face-off versus Derek Stepan in Predators zone.
7:23 of 3rd period - Icing by Willie Mitchell.
7:24 of 3rd period - Derek Stepan wins face-off versus Nicklas Backstrom in Avalanche zone.
7:31 of 3rd period - Shot by Derek Stepan.
7:31 of 3rd period - Stopped by Magnus Hellberg without a rebound.
7:32 of 3rd period - Nicklas Backstrom wins face-off versus Max Domi in Predators zone.
7:49 of 3rd period - Shot by Alexander Steen.
7:49 of 3rd period - Shot Blocked by Connor Murphy.
8:18 of 3rd period - Icing by Kevin Bieksa.
8:19 of 3rd period - Alexander Steen wins face-off versus Patrik Elias in Avalanche zone.
9:19 of 3rd period - Shot by Tomas Hertl.
9:19 of 3rd period - Shot Misses the Net.
9:23 of 3rd period - Shot by Derek Stepan.
9:23 of 3rd period - Stopped by Magnus Hellberg without a rebound.
9:24 of 3rd period - Nicklas Backstrom wins face-off versus Martin Hanzal in Predators zone.
9:55 of 3rd period - Shot by Kevin Hayes.
9:55 of 3rd period - Shot Misses the Net.
9:57 of 3rd period - Shot by Nicklas Backstrom.
9:57 of 3rd period - Shot Blocked by Willie Mitchell.
9:59 of 3rd period - Shot by Max Pacioretty.
9:59 of 3rd period - Stopped by Jake Allen with a rebound.
10:01 of 3rd period - Shot by Kevin Hayes.
10:01 of 3rd period - Stopped by Jake Allen without a rebound.
10:02 of 3rd period - Derek Stepan wins face-off versus J.T. Miller in Avalanche zone.
10:02 of 3rd period - Derek Stepan is hit by J.T. Miller.
10:27 of 3rd period - Shot by T.J. Oshie.
10:27 of 3rd period - Stopped by Jake Allen without a rebound.
10:28 of 3rd period - Steven Stamkos wins face-off versus Alexander Steen in Avalanche zone.
11:36 of 3rd period - Shot by Martin Hanzal.
11:36 of 3rd period - Stopped by Magnus Hellberg without a rebound.
11:37 of 3rd period - Derek Stepan wins face-off versus J.T. Miller in Predators zone.
12:00 of 3rd period - Shot by Tomas Hertl.
12:00 of 3rd period - Stopped by Magnus Hellberg with a rebound.
12:10 of 3rd period - Shot by Vladislav Namestnikov.
12:10 of 3rd period - Shot Blocked by Derek Stepan.
12:12 of 3rd period - Shot by Connor Murphy.
12:12 of 3rd period - Shot Blocked by Kevin Shattenkirk.
12:14 of 3rd period - Shot by T.J. Oshie.
12:14 of 3rd period - Shot Misses the Net.
12:18 of 3rd period - Shot by J.T. Miller.
12:18 of 3rd period - Stopped by Jake Allen without a rebound.
12:19 of 3rd period - Nicklas Backstrom wins face-off versus Martin Hanzal in Avalanche zone.
12:23 of 3rd period - Icing by Willie Mitchell.
12:24 of 3rd period - Nicklas Backstrom wins face-off versus Martin Hanzal in Avalanche zone.
12:42 of 3rd period - Icing by Oscar Klefbom.
12:43 of 3rd period - Nicklas Backstrom wins face-off versus Alexander Steen in Predators zone.
13:52 of 3rd period - Shot by Dylan Larkin.
13:52 of 3rd period - Stopped by Magnus Hellberg without a rebound.
13:53 of 3rd period - Derek Stepan wins face-off versus Vincent Trocheck in Predators zone.
13:56 of 3rd period - Shot by Willie Mitchell.
13:56 of 3rd period - Shot Blocked by Jordie Benn.
13:58 of 3rd period - Shot by Derek Stepan.
13:58 of 3rd period - Shot Misses the Net.
14:02 of 3rd period - Shot by Derek Stepan.
14:02 of 3rd period - Stopped by Magnus Hellberg without a rebound.
14:03 of 3rd period - Martin Hanzal wins face-off versus J.T. Miller in Predators zone.
15:13 of 3rd period - Minor Penalty to John Moore for Interference.
15:14 of 3rd period - Martin Hanzal wins face-off versus T.J. Oshie in Predators zone.
15:47 of 3rd period - Shot by Alexander Steen.
15:47 of 3rd period - Shot Misses the Net.
17:15 of 3rd period - Shot by Matt Cullen.
17:15 of 3rd period - Goal by Matt Cullen - Avalanche : 7 - Predators : 2.
17:16 of 3rd period - Matt Cullen wins face-off versus Nicklas Backstrom in neutral zone.
17:43 of 3rd period - Nicklas Backstrom is hit by Willie Mitchell and loses puck.
18:15 of 3rd period - Shot by Patrik Elias.
18:15 of 3rd period - Stopped by Jake Allen with a rebound.
18:31 of 3rd period - Shot by Alexander Steen.
18:31 of 3rd period - Stopped by Magnus Hellberg without a rebound.
18:32 of 3rd period - Derek Stepan wins face-off versus Vincent Trocheck in Predators zone.
18:52 of 3rd period - Shot by Vincent Trocheck.
18:52 of 3rd period - Shot Misses the Net.
18:54 of 3rd period - Shot by Jaden Schwartz.
18:54 of 3rd period - Stopped by Jake Allen without a rebound.
18:55 of 3rd period - Nicklas Backstrom wins face-off versus Alexander Steen in Avalanche zone.
18:55 of 3rd period - Nicklas Backstrom is hit by Kevin Bieksa.
19:05 of 3rd period - Shot by Kevin Hayes.
19:05 of 3rd period - Shot Misses the Net.
19:19 of 3rd period - Shot by Alexander Steen.
19:19 of 3rd period - Stopped by Magnus Hellberg without a rebound.
19:20 of 3rd period - Vincent Trocheck wins face-off versus Derek Stepan in Predators zone.
19:20 of 3rd period - Vincent Trocheck is hit by Derek Stepan.
19:25 of 3rd period - Icing by Oscar Klefbom.
19:26 of 3rd period - Derek Stepan wins face-off versus Vincent Trocheck in Predators zone.
Goals for this period are 2 for Avalanche vs 0 for Predators.
Shots for this period are 13 for Avalanche vs 7 for Predators.